 Dungeon Crawl Stone Soup version 0.29.1-12-g30fa7ad0bf (webtiles) character file.

Game seed: 14033566077086542291

2149 funkygono the Magician (level 9, 0/55 (59) HPs)
             Began as a Demonspawn Fire Elementalist on Jan 2, 2023.
             Was a Follower of Vehumet.
             Slain by a wight
             ... wielding a +0 spear
              (1 damage)
             ... on level 7 of the Dungeon.
             The game lasted 00:10:20 (7917 turns).

funkygono the Magician (DsFE)                       Turns: 7917, Time: 00:10:20

HP:   0/55 (59)     AC:  4    Str: 10    XL:     9   Next: 10%
MP:   6/19          EV: 13    Int: 20    God:    Vehumet [*.....]
Gold: 325           SH:  4    Dex: 13    Spells: 11/22 levels left

rFire   . . .      SeeInvis .   d - +0 whip
rCold   + . .      Faith    .   (no shield)
rNeg    . . .      Spirit   .   a - +0 robe
rPois   .          Reflect  .   c - +1 hat
rElec   .          Harm     .   (no cloak)
rCorr   .          Rampage  .   (gloves unavailable)
Will    .....                   k - +0 pair of boots
Stlth   ++........              n - amulet of magic regeneration
HPRegen 0.18/turn               e - ring of protection from cold
MPRegen 0.56/turn               A - ring of flight

@: flying, drained
A: large bone plates 1, foul stench 1, condensation shield, demonic touch 3
a: Renounce Religion


You were on level 7 of the Dungeon.
You worshipped Vehumet.
Vehumet was aware of your devotion.
You visited 2 branches of the dungeon, and saw 8 of its levels.
You also visited: Ossuary.

You collected 325 gold pieces.

Inventory:

Hand Weapons
 d - a +0 whip (weapon)
 x - a +2 whip of flaming
Missiles
 p - 2 throwing nets
Armour
 a - a +0 robe (worn)
 c - a +1 hat (worn)
 k - a +0 pair of boots (worn)
 l - a +2 leather armour of poison resistance
Jewellery
 e - a ring of protection from cold (left hand)
 n - an amulet of magic regeneration (around neck)
 q - an amulet of regeneration
 A - a ring of flight (right hand)
 B - a ring of positive energy
Wands
 o - a wand of polymorph (14)
 s - a wand of iceblast (8)
 w - a wand of flame (42)
 z - a wand of digging (8)
Scrolls
 g - 3 scrolls of teleportation
 v - a scroll of amnesia
 y - a scroll of poison
 E - a scroll of fear
 F - a scroll of fog {unknown}
 G - 2 scrolls of enchant armour
 H - a scroll of summoning {unknown}
 J - a scroll of torment {unknown}
Potions
 b - 2 potions of magic
 f - a potion of might
 h - 2 potions of berserk rage
 i - 2 potions of mutation
 j - a potion of resistance
 m - 2 potions of lignification {unknown}
 t - a potion of degeneration {unknown}
 u - 2 potions of curing {unknown}
 C - a potion of haste
 D - 2 potions of brilliance {unknown}
 I - 2 potions of cancellation {unknown}
 K - a potion of ambrosia {unknown}


   Skills:
 + Level 1.2 Fighting
 + Level 0.5 Maces & Flails
 + Level 3.3 Dodging
 - Level 1.7 Stealth
 + Level 1.7 Shields
 + Level 7.3 Spellcasting
 + Level 4.3 Conjurations
 + Level 6.8 Fire Magic


You had 11 spell levels left.
You knew the following spells:

 Your Spells              Type           Power      Damage    Failure   Level
a - Foxfire               Conj/Fire      100%       2x1d9     1%          1
b - Scorch                Fire           68%        2d8       1%          2
c - Conjure Flame         Conj/Fire      29%        6-21      2%          3
d - Flame Wave            Conj/Fire      29%        2d9       9%          4
e - Sandblast             Erth           14%        2d6       10%         1

Your spell library contained the following spells:

 Spells                   Type           Power      Damage    Failure   Level
 Inner Flame              Hex/Fire       21%        N/A       7%          3
 Apportation              Tloc           14%        N/A       10%         1
 Necrotise                Necr           28%        1d5       10%         1
 Summon Small Mammal      Summ           28%        N/A       10%         1
 Stone Arrow              Conj/Erth      32%        3d9       11%         3
 Passwall                 Tmut/Erth      5%         N/A       14%         2
 Call Canine Familiar     Summ           7%         N/A       28%         3
 Gell's Gravitas          Tloc           7%         N/A       28%         3
 Summon Guardian Golem    Hex/Summ       7%         N/A       28%         3
 Teleport Other           Tloc           7%         N/A       28%         3
 Alistair's Intoxication  Tmut/Pois      4%         N/A       95%         5
 Dispersal                Tloc           3%         N/A       100%        6


Dungeon Overview and Level Annotations

Branches:
Dungeon (7/15)             Temple (1/1) D:6         Ossuary (visited)

Altars:
Ashenzari
Cheibriados
Fedhas
Gozag
Makhleb
Qazlal
Ru
Sif Muna
Trog
Uskayaw
Vehumet
Wu Jian
Yredelemnul


Innate Abilities, Weirdness & Mutations

You are partially covered in large bone plates. (SH +4)
You may rarely emit foul miasma when damaged in melee.
A meltable shield of frost defends you. (SH +0)
Your touch may irresistibly damage your foes and sap their willpower.


Message History

You kill the gnoll!
Vehumet accepts your kill.
The flame wave engulfs the gnoll sergeant.
The gnoll sergeant is almost dead.
The flame wave engulfs the gnoll!
You kill the gnoll!
Vehumet accepts your kill.
You finish channelling waves of flame.
You hear a shout!
The gnoll sergeant hits you with a +2 dire flail of holy wrath.
* * * LOW HITPOINT WARNING * * *
You convulse.
* * * LOW HITPOINT WARNING * * *
You feel much better.
The gnoll sergeant hits you with a +2 dire flail of holy wrath!
* * * LOW HITPOINT WARNING * * *
You convulse!
* * * LOW HITPOINT WARNING * * *
A gnoll sergeant comes into view. It is wielding a +0 trident.
You feel much better. The gnoll sergeant misses you.
The wight hits you from afar with a +0 spear!
* * * LOW HITPOINT WARNING * * *
You feel drained.
* * * LOW HITPOINT WARNING * * *
Unknown command.
Casting: Flame Wave (dangerous; 9% risk of failure)
Confirm with . or Enter, or press ? or * to list all spells.
Casting: Flame Wave (dangerous; 9% risk of failure)
Press: ? - help, Dir - look around, f - activate A wave of flame ripples out!
The flame wave engulfs the gnoll sergeant!
You kill the gnoll sergeant!
Vehumet accepts your kill.
You feel your power returning. (Press . to intensify the flame waves.)
You hear a shout!
The wight hits you from afar with a +0 spear.
* * * LOW HITPOINT WARNING * * *
You feel drained.
You die...

,,,,,,,,,,......................,
,~~~~,*,,,,.#####.#.#.#.########*
,~~~~,*,,,,,* #.#.#.#.#
,~~~~,*,.,,,* #.#.#.#.#
,~~~~,*,..,,* #.#.#.#.#
,~~~~,*,...,* #.#.#.#.#
,,,,,,**#.#.#####.#.#.#.# ,******
#......)..#.#.#.# ,*
*****#....g))@...#.#,* ,*
*,,,,.....)........#,* ,*
*,,,,........zz..###,* **
*,,,,.#.....[z...# *,* *
*,,,,,#..........# *,* *
*,,,,,#..........# *,* *
*,,,,,#..........# *,* *
*,,,,,####....##.#**,* *
*,*****,,......,..,*,*


You could see a gnoll sergeant and 3 wights.

Vanquished Creatures
  Pikel (D:6)
  The ghost of p0werm0de the Insei, an amateur MeCK of Xom (D:6)
  A steam dragon (D:7)
  A water moccasin (D:6)
  Duvessa (D:6)
  A black bear (D:6)
  3 lemures (D:6)
  3 phantoms
  A necrophage (D:6)
  2 gnoll sergeants
  2 scorpions (D:5)
  Dowan (D:6)
  A centaur zombie (Ossuary)
  A hound (D:5)
  4 iguanas
  5 mummies (Ossuary)
  11 gnolls
  8 adders
  2 shadow imps
  A white imp (D:5)
  An ufetubus (D:5)
  3 worms
  2 dart slugs (D:1)
  6 orcs
  8 ball pythons
  2 bats
  8 endoplasms
  3 giant cockroaches
  3 goblins
  4 hobgoblins
  6 jackals
  4 kobolds
  9 quokkas
  4 frilled lizards
  6 hobgoblin zombies (Ossuary)
  3 rats (D:1)
  2 bushes (D:1)
125 creatures vanquished.

Vanquished Creatures (collateral kills)
  A foxfire (D:1)
1 creature vanquished.

Vanquished Creatures (others)
  465 foxfires
465 creatures vanquished.

Grand Total: 591 creatures vanquished

Notes
Turn   | Place    | Note
-------+----------+-------------------------------------------
     0 | D:1      | funkygono the Demonspawn Fire Elementalist began the quest
                  | for the Orb.
     0 | D:1      | Reached XP level 1. HP: 13/13 MP: 3/3
   357 | D:1      | Gained mutation: You are partially covered in large bone
                  | plates. (SH +4) [demonic ancestry]
   357 | D:1      | Reached XP level 2. HP: 19/19 MP: 1/5
   593 | D:1      | Learned a level 2 spell: Scorch
   776 | D:1      | Found a faded altar of an unknown god.
  1512 | D:1      | Gained mutation: Your touch may inflict minor irresistible
                  | damage on your foes. [demonic ancestry]
  1512 | D:1      | Reached XP level 3. HP: 23/24 MP: 3/6
  2319 | D:2      | Gained mutation: You may rarely emit foul miasma when
                  | damaged in melee. [demonic ancestry]
  2319 | D:2      | Reached XP level 4. HP: 30/30 MP: 1/8
  2392 | D:2      | Reached skill level 3 in Spellcasting
  3097 | D:3      | Reached skill level 1 in Shields
  3339 | D:3      | Found a radiant altar of Vehumet.
  3350 | D:3      | Became a worshipper of Vehumet
  3405 | D:3      | Reached XP level 5. HP: 35/35 MP: 7/10
  3750 | D:3      | Learned a level 3 spell: Conjure Flame
  3755 | D:3      | Learned a level 4 spell: Flame Wave
  4839 | D:5      | Entered Level 5 of the Dungeon
  4857 | D:5      | Reached skill level 4 in Spellcasting
  4946 | D:5      | Reached XP level 6. HP: 41/41 MP: 5/12
  5223 | D:5      | Gained mutation: Your touch may inflict irresistible damage
                  | on your foes. [demonic ancestry]
  5223 | D:5      | Reached XP level 7. HP: 47/47 MP: 9/14
  5545 | D:5      | Reached skill level 5 in Fire Magic
  5598 | D:5      | Reached skill level 5 in Spellcasting
  5979 | D:6      | Noticed Duvessa
  6068 | D:6      | Noticed Dowan
  6069 | D:6      | Killed Duvessa
  6069 | D:6      | Reached * piety under Vehumet
  6069 | D:6      | Offered knowledge of Sandblast by Vehumet.
  6078 | D:6      | Killed Dowan
  6205 | D:6      | Found a staircase to the Ecumenical Temple.
  6215 | Temple   | Entered the Ecumenical Temple
  6366 | D:6      | Gained mutation: A meltable shield of frost defends you.
                  | (SH +0) [demonic ancestry]
  6366 | D:6      | Reached XP level 8. HP: 53/53 MP: 11/16
  6460 | D:6      | Noticed Pikel
  6470 | D:6      | Killed Pikel
  6471 | D:6      | Reached skill level 1 in Fighting
  6471 | D:6      | Reached skill level 6 in Spellcasting
  6894 | D:6      | Found a runed translucent door.
  6899 | D:6      | Noticed p0werm0de's ghost (amateur MeCK)
  7432 | D:6      | Killed p0werm0de's ghost
  7433 | D:6      | Reached skill level 7 in Spellcasting
  7635 | D:6      | Learned a level 1 spell: Sandblast
  7688 | D:7      | Found a sand-covered staircase.
  7693 | Ossuary  | Entered an ossuary
  7752 | Ossuary  | Gained mutation: Your touch may irresistibly damage your
                  | foes and sap their willpower. [demonic ancestry]
  7752 | Ossuary  | Reached XP level 9. HP: 58/59 MP: 16/19
  7915 | D:7      | HP: 1/59 [gnoll sergeant/+2 dire flail of holy wrath (9)]
  7917 | D:7      | Slain by a wight

Illustrated notes

Levels and vault maps discovered:
D:1:      dreamdust_arrival_sigmund_warning, layout_loops_corners,
          serial_forest, infiniplex_forest_lined_3,
          infiniplex_forest_straight_4, infiniplex_forest_straight_3,
          infiniplex_forest_clump_double, infiniplex_forest_end_3,
          infiniplex_forest_zigzag_2, infiniplex_forest_end_2,
          ebering_ecumenical_altar_petrified
D:2:      layout_basic
D:3:      layout_loops_ring, pf_just_have_faith
D:4:      layout_loops_ring
D:5:      minmay_spotlight, layout_gridville
D:6:      layout_loops_corners, minmay_temple_entry_waves,
          ebering_ghost_reflecting_pool, uniq_duvessa, uniq_pikel
D:7:      layout_basic, grunt_dithmenos_smoke,
          mainiacjoe_overflow_cross_hatched, enter_ossuary_5, minivault_14,
          uniq_crazy_yiuf_cottage
Temple:   jpeg_temple_clearing

Skill      XL: |  1  2  3  4  5  6  7  8 |
---------------+-------------------------+-----
Dodging        | 2 3 |  3.3
Fire Magic     | 3 4 5 6 |  6.8
Spellcasting   | 3 4 5 7 |  7.3
Shields        | 1 |  1.7
Conjurations   | 3 4 |  4.3
Fighting       | 1 |  1.2
Maces & Flails | |  0.5
Stealth        | |  1.7

Action                   |  1- 3 |  4- 6 |  7- 9 || total
-------------------------+-------+-------+-------++-------
Melee: Whip              |    75 |    14 |    13 ||   102
       Touch             |    34 |     1 |     5 ||    40
       Punch             |     3 |       |     1 ||     4
 Cast: Foxfire           |    61 |    92 |   115 ||   268
       Scorch            |     8 |    23 |    35 ||    66
       Flame Wave        |       |       |     2 ||     2
  Use: Scroll            |       |    11 |     3 ||    14
       Potion            |       |       |     2 ||     2
Armor: Robe              |     3 |     1 |     4 ||     8
Dodge: Dodged            |    14 |    13 |    29 ||    56
Block: Other             |     7 |     7 |    18 ||    32
